Canadiens vs Predators

Created - November 15, 2017 at 23:32

Goals
1 2 3 T
Canadiens 3 2 1 6
Predators 0 3 1 4
Shots
1 2 3 T
Canadiens 16 11 7 34
Predators 14 12 11 37

1st period

1. Canadiens , Jason Spezza 6 (Vitaly Vishnevsky 4) at 2:13
2. Canadiens , Sidney Crosby 8 (Patrick Sharp 9) at 8:01
3. Canadiens , Greg Stewart 9 (Jason Spezza 10) at 18:22

Penalties :
Patrick Sharp (Mon) for Hooking (Minor) at 8:18, Andy Miele (Nas) for Tripping (Minor) at 19:55

2nd period

4. Canadiens , Joe Pavelski 8 (Patrick Sharp 10, Sidney Crosby 11) at 1:09 (PP)
5. Predators , Brendan Gallagher 2 (Alexander Ovechkin 11, Ryan Kesler 8) at 5:40
6. Predators , Mikael Granlund 2 (John Moore 7, Alexander Steen 5) at 7:58
7. Canadiens , Andrew Ebbett 4 (Sidney Crosby 12, Kurt Sauer 3) at 10:47 (SH)
8. Predators , Justin Abdelkader 3 (Niclas Bergfors 9, John Moore 8) at 12:46

Penalties :
David Jones (Mon) for Holding (Minor) at 9:24

3rd period

9. Canadiens , Andrew Ebbett 5 (Jiri Tlusty 1, Nick Spaling 1) at 7:51
10. Predators , Alexander Ovechkin 10 (Ryan Kesler 9, Ryan Mcdonagh 6) at 17:43 (PP)

Penalties :
Joe Pavelski (Mon) for Holding (Minor) at 2:45, Barret Jackman (Nas) for Goalie Interference (Minor) at 5:16, Wes O'Neill (Mon) for High sticking (Double Minor) at 12:49, Jason Spezza (Mon) for Holding (Minor) at 17:25, Justin Abdelkader (Nas) for Roughing (Minor) at 17:57

Goalie Stats

Jonathan Bernier (Mon), 33 saves from 37 shots - (0.892), W, 10-5-1, 60:00 minutes
Mike McKenna (Nas), 15 saves from 17 shots - (0.882), L, 0-1-0, 38:51 minutes
Chad Johnson (Nas), 13 saves from 17 shots - (0.765), 21:09 minutes

Players Stats for Canadiens

Player Name              G  A  P  +/- PIM S  H  SB GA TA FO     MP     PP MP  PK MP  
------------------------------------------------------------------------------------
Andrew Ebbett            2  0  2   2  0   5  0  0  1  0  1/3    10:52   0:00   3:33 
Brett Maclean            0  0  0   0  0   3  1  0  0  0  1/1    11:01   0:01   1:14 
David Jones              0  0  0   0  2   1  1  0  0  0  1/1    11:43   0:01   1:52 
Dennis Wideman           0  0  0   0  0   0  1  6  0  0  0/0    23:21   3:14   1:19 
Dustin Boyd              0  0  0   0  0   0  1  0  1  0  2/4    10:04   0:00   0:21 
Evgeny Dadonov           0  0  0   0  0   0  1  0  0  0  2/2    14:54   2:02   0:00 
Greg Stewart             1  0  1   0  0   2  1  0  2  1  0/1    19:34   2:02   4:27 
Jason Spezza             1  1  2   0  2   5  0  0  0  0  7/14   19:05   2:02   3:59 
Jiri Tlusty              0  1  1   1  0   1  0  1  1  0  0/0     7:19   0:00   0:00 
Joe Pavelski             1  0  1   0  2   6  0  3  1  0  1/2    17:40   3:09   0:00 
Kurt Sauer               0  1  1   1  0   0  2  3  0  0  0/0    19:38   0:00   5:18 
Luke Schenn              0  0  0   1  0   4  1  4  0  2  0/0    27:03   1:58   4:16 
Maxim Kondratiev         0  0  0   1  0   1  0  1  0  0  0/0    15:00   0:00   5:23 
Nick Spaling             0  1  1   1  0   1  0  0  0  0  0/0     7:23   0:01   0:00 
Patrick Sharp            0  2  2   0  2   2  1  0  0  1  1/1    19:26   3:09   1:54 
Sidney Crosby            1  2  3   1  0   2  0  1  0  1  20/35  20:51   3:09   3:18 
Vitaly Vishnevsky        0  1  1   1  0   1  1  2  1  1  0/0    19:45   3:14   1:19 
Wes O'Neill              0  0  0   0  4   0  0  1  0  0  0/0    15:02   1:58   2:43 

Players Stats for Predators

Player Name              G  A  P  +/- PIM S  H  SB GA TA FO     MP     PP MP  PK MP  
------------------------------------------------------------------------------------
Adam Burish              0  0  0  -1  0   0  3  0  0  0  0/0     8:47   1:15   1:00 
Alexander Edler          0  0  0  -1  0   2  2  3  1  1  0/0    28:54   5:39   3:08 
Alexander Ovechkin       1  1  2   1  0   7  1  1  1  1  0/5    21:43   4:40   1:41 
Alexander Steen          0  1  1  -2  0   6  0  0  0  0  0/0    17:48   4:08   0:30 
Andy Miele               0  0  0   0  2   2  2  0  0  1  3/5    12:11   0:04   2:29 
Barret Jackman           0  0  0  -2  2   1  1  0  0  0  0/0     9:35   0:33   0:00 
Brendan Gallagher        1  0  1   1  0   5  1  2  0  0  1/2    19:47   4:20   0:00 
Brett Clark              0  0  0  -2  0   0  0  1  0  0  0/0    11:40   0:33   2:04 
Byron Bitz               0  0  0  -1  0   1  0  0  3  0  1/2    16:41   0:00   3:26 
Dmitri Kalinin           0  0  0   1  0   0  0  1  0  0  0/0    19:26   4:02   0:00 
James Van Riemsdyk       0  0  0  -1  0   0  1  0  0  0  0/0     8:05   1:28   0:00 
John Moore               0  2  2   2  0   2  1  0  1  0  0/0    23:17   4:02   2:04 
Justin Abdelkader        1  0  1   0  2   4  1  1  0  1  0/1    10:37   1:09   0:00 
Kris Vernarsky           0  0  0  -1  0   0  0  0  0  0  1/3     7:04   0:46   0:00 
Mikael Granlund          1  0  1  -2  0   3  3  0  0  1  7/11   17:37   4:09   0:18 
Niclas Bergfors          0  1  1  -1  0   1  3  0  0  2  0/1    13:29   4:09   0:00 
Ryan Kesler              0  2  2   1  0   3  0  0  0  0  15/34  20:56   4:34   1:00 
Ryan Mcdonagh            0  1  1  -2  0   0  1  1  0  0  0/0    27:08   5:39   3:08 

3 Stars

1 - Andrew Ebbett (Mon)
2 - Sidney Crosby (Mon)
3 - Alexander Ovechkin (Nas)

Power Play

Canadiens - 1 on 3 Attempt(s) - 33.33%
Predators - 1 on 6 Attempt(s) - 16.67%

Penalty Kill

Canadiens - 5 on 6 Attempt(s) - 83.33% - Score 1 goal in Penalty Kill
Predators - 2 on 3 Attempt(s) - 66.67% - Score 0 goal in Penalty Kill

Team Stat

Canadiens - Hits : 11 - Faceoff Wins : 36 - Blocked Shots : 22 - Penalty Minutes : 12
Predators - Hits : 20 - Faceoff Wins : 28 - Blocked Shots : 10 - Penalty Minutes : 6

Official

Referees : Peel Tim and Charron Francis
Linesman : Derek Nansen and Lyle Seitz

Game Notes

Mike McKenna enters game at 1:09 of 2nd period

Finance

Level 1 -- Attendance: 6000 (100.00%) -- Ticket Income $528,000
Level 2 -- Attendance: 5000 (100.00%) -- Ticket Income $270,000
Level 3 -- Attendance: 2000 (100.00%) -- Ticket Income $68,000
Level 4 -- Attendance: 4000 (100.00%) -- Ticket Income $104,000
Luxury Box -- Attendance: 806 (80.60%) -- Ticket Income $137,020
Game was played at the Wildcat center.
Total Attendance: 17806 (98.92%)
Total Ticket Income: $1,107,020
Other Income: $166,053
Total Income: $1,273,073

Canadiens

5 vs 5 Forward 
   Center                   Left Wing                Right Wing               Time % Phy DF OF 
 1 Sidney Crosby            Patrick Sharp            Joe Pavelski             40     1   2  2  
 2 Jason Spezza             Greg Stewart             Evgeny Dadonov           30     1   2  2  
 3 Dustin Boyd              Brett Maclean            David Jones              20     1   2  2  
 4 Andrew Ebbett            Nick Spaling             Jiri Tlusty              10     1   2  2  

5 vs 5 Defense 
   Defense                  Defense                                           Time % Phy DF OF 
 1 Dennis Wideman           Luke Schenn                                       40     1   2  2  
 2 Vitaly Vishnevsky        Kurt Sauer                                        30     1   2  2  
 3 Wes O'Neill              Maxim Kondratiev                                  20     1   2  2  
 4 Vitaly Vishnevsky        Luke Schenn                                       10     1   2  2  

PowerPlay Forward 
   Center                   Left Wing                Right Wing               Time % Phy DF OF 
 1 Sidney Crosby            Patrick Sharp            Joe Pavelski             60     1   2  2  
 2 Jason Spezza             Greg Stewart             Evgeny Dadonov           40     1   2  2  

PowerPlay Defense
   Defense                  Defense                                           Time % Phy DF OF 
 1 Dennis Wideman           Vitaly Vishnevsky                                 60     1   2  2  
 2 Wes O'Neill              Luke Schenn                                       40     1   2  2  

Penalty Kill 4 Players Forward 
   Center                   Wing                     Time % Phy DF OF 
 1 Jason Spezza             Greg Stewart             60     1   2  2  
 2 Andrew Ebbett            David Jones              40     1   2  2  

Penalty Kill 4 Players Defense
   Defense                  Defense                  Time % Phy DF OF 
 1 Kurt Sauer               Maxim Kondratiev         60     1   2  2  
 2 Wes O'Neill              Luke Schenn              40     1   2  2  

Penalty Kill - 3 Players Forward 
   Forward                                           Time % Phy DF OF 
 1 Jason Spezza                                      60     1   2  2  
 2 Andrew Ebbett                                     40     1   2  2  

Penalty Kill - 3 Players Defense
   Defense                  Defense                  Time % Phy DF OF 
 1 Kurt Sauer               Maxim Kondratiev         60     1   2  2  
 2 Wes O'Neill              Luke Schenn              40     1   2  2  

4 vs 4 Forward 
   Center                   Wing                     Time % Phy DF OF 
 1 Sidney Crosby            Patrick Sharp            60     1   2  2  
 2 Jason Spezza             Joe Pavelski             40     1   2  2  

4 vs 4 Defense
   Defense                  Defense                  Time % Phy DF OF 
 1 Vitaly Vishnevsky        Luke Schenn              60     1   2  2  
 2 Wes O'Neill              Kurt Sauer               40     1   2  2  

Last Minutes Offensive
   Center                   Left Wing                Right Wing               Defense                  Defense                  
   Sidney Crosby            Patrick Sharp            Joe Pavelski             Dennis Wideman           Vitaly Vishnevsky        

Last Minutes Defensive
   Center                   Left Wing                Right Wing               Defense                  Defense                  
   Jason Spezza             Patrick Sharp            Joe Pavelski             Kurt Sauer               Luke Schenn              

Goaltenders
Starting : Jonathan Bernier         
Backup : Mikael Tellqvist         

Extra Forwards
Normal : Dustin Boyd, Greg Stewart, Evgeny Dadonov - PP : Evgeny Dadonov, Brett Maclean - PK : Sidney Crosby
Extra Defensemen
Normal : Maxim Kondratiev, Vitaly Vishnevsky, Wes O'Neill - PP : Kurt Sauer - PK : Dennis Wideman, Vitaly Vishnevsky
Penalty Shots
Sidney Crosby, Joe Pavelski, Patrick Sharp, Dustin Boyd, Andrew Ebbett

Scratches
None

Predators

5 vs 5 Forward 
   Center                   Left Wing                Right Wing               Time % Phy DF OF 
 1 Ryan Kesler              Alexander Ovechkin       Brendan Gallagher        40     1   2  2  
 2 Mikael Granlund          Alexander Steen          Byron Bitz               30     1   2  2  
 3 Andy Miele               Justin Abdelkader        Niclas Bergfors          20     1   2  2  
 4 Kris Vernarsky           James Van Riemsdyk       Adam Burish              10     1   2  2  

5 vs 5 Defense 
   Defense                  Defense                                           Time % Phy DF OF 
 1 Ryan Mcdonagh            Alexander Edler                                   40     1   2  2  
 2 John Moore               Dmitri Kalinin                                    30     1   2  2  
 3 Brett Clark              Barret Jackman                                    20     1   2  2  
 4 John Moore               Alexander Edler                                   10     1   2  2  

PowerPlay Forward 
   Center                   Left Wing                Right Wing               Time % Phy DF OF 
 1 Ryan Kesler              Alexander Ovechkin       Brendan Gallagher        60     1   0  4  
 2 Mikael Granlund          Alexander Steen          Niclas Bergfors          40     0   0  5  

PowerPlay Defense
   Defense                  Defense                                           Time % Phy DF OF 
 1 Ryan Mcdonagh            Alexander Edler                                   60     1   1  3  
 2 Dmitri Kalinin           John Moore                                        40     1   1  3  

Penalty Kill 4 Players Forward 
   Center                   Wing                     Time % Phy DF OF 
 1 Andy Miele               Byron Bitz               60     1   3  1  
 2 Ryan Kesler              Adam Burish              40     1   3  1  

Penalty Kill 4 Players Defense
   Defense                  Defense                  Time % Phy DF OF 
 1 Ryan Mcdonagh            Alexander Edler          60     1   3  1  
 2 John Moore               Brett Clark              40     1   3  1  

Penalty Kill - 3 Players Forward 
   Forward                                           Time % Phy DF OF 
 1 Byron Bitz                                        60     1   3  1  
 2 Adam Burish                                       40     1   3  1  

Penalty Kill - 3 Players Defense
   Defense                  Defense                  Time % Phy DF OF 
 1 Ryan Mcdonagh            Alexander Edler          60     1   3  1  
 2 John Moore               Brett Clark              40     1   3  1  

4 vs 4 Forward 
   Center                   Wing                     Time % Phy DF OF 
 1 Ryan Kesler              Alexander Ovechkin       60     1   1  3  
 2 Mikael Granlund          Niclas Bergfors          40     1   2  2  

4 vs 4 Defense
   Defense                  Defense                  Time % Phy DF OF 
 1 Ryan Mcdonagh            Alexander Edler          60     1   1  3  
 2 John Moore               Dmitri Kalinin           40     1   2  2  

Last Minutes Offensive
   Center                   Left Wing                Right Wing               Defense                  Defense                  
   Ryan Kesler              Alexander Ovechkin       Niclas Bergfors          Ryan Mcdonagh            Alexander Edler          

Last Minutes Defensive
   Center                   Left Wing                Right Wing               Defense                  Defense                  
   Andy Miele               Alexander Ovechkin       Byron Bitz               John Moore               Ryan Mcdonagh            

Goaltenders
Starting : Chad Johnson             
Backup : Mike McKenna             

Extra Forwards
Normal : Niclas Bergfors, James Van Riemsdyk, Adam Burish - PP : James Van Riemsdyk, Justin Abdelkader - PK : Alexander Ovechkin
Extra Defensemen
Normal : Dmitri Kalinin, Brett Clark, Barret Jackman - PP : Brett Clark - PK : Barret Jackman, Brett Clark
Penalty Shots
Alexander Ovechkin, Niclas Bergfors, Ryan Kesler, Andy Miele, Justin Abdelkader

Scratches
Andrej Meszaros (Healthy), Viktor Fasth (Healthy)

% Time on Ice - Canadiens

Lines # - Real PCT - Wanted PCT - Time Play
Normal Forward
1 - 33% - 40% - 14:40
2 - 29% - 30% - 12:52
3 - 22% - 20% - 9:43
4 - 16% - 10% - 7:19
Normal Defense
1 - 42% - 40% - 18:37
2 - 34% - 30% - 15:05
3 - 21% - 20% - 9:22
4 - 3% - 10% - 1:30
PP Forward
1 - 61% - 60% - 3:10
2 - 39% - 40% - 2:02
PP Defense
1 - 62% - 60% - 3:14
2 - 38% - 40% - 1:58
PK Forward
1 - 75% - 60% - 7:38
2 - 25% - 40% - 2:36
PK Defense
1 - 47% - 60% - 4:51
2 - 53% - 40% - 5:23
PK3 Forward
1 - 0% - 60%
2 - 0% - 40%
PK3 Defense
1 - 0% - 60%
2 - 0% - 40%
44 Forward
1 - 0% - 60%
2 - 0% - 40%
44 Defense
1 - 0% - 60%
2 - 0% - 40%
Last Minute Offensive  - 0:00
Last Minute Defensive  - 0:00
Total
Forward - 60:00
Defense - 60:00

% Time on Ice - Predators

Lines # - Real PCT - Wanted PCT - Time Play
Normal Forward
1 - 35% - 40% - 15:42
2 - 30% - 30% - 13:10
3 - 21% - 20% - 9:24
4 - 14% - 10% - 6:18
Normal Defense
1 - 40% - 40% - 18:02
2 - 35% - 30% - 15:25
3 - 20% - 20% - 9:02
4 - 5% - 10% - 2:05
PP Forward
1 - 59% - 60% - 6:05
2 - 41% - 40% - 4:09
PP Defense
1 - 61% - 60% - 6:12
2 - 39% - 40% - 4:02
PK Forward
1 - 81% - 60% - 4:12
2 - 19% - 40% - 1:00
PK Defense
1 - 60% - 60% - 3:08
2 - 40% - 40% - 2:04
PK3 Forward
1 - 0% - 60%
2 - 0% - 40%
PK3 Defense
1 - 0% - 60%
2 - 0% - 40%
44 Forward
1 - 0% - 60%
2 - 0% - 40%
44 Defense
1 - 0% - 60%
2 - 0% - 40%
Last Minute Offensive  - 0:00
Last Minute Defensive  - 0:00
Total
Forward - 60:00
Defense - 60:00

Play by Play

1st period


0:01 of 1st period - Sidney Crosby wins face-off versus Ryan Kesler in neutral zone.
0:26 of 1st period - Ryan Mcdonagh is hit by Dennis Wideman and loses puck.
0:45 of 1st period - Wrist shot by Niclas Bergfors.
0:45 of 1st period - Shot Misses the Net.
0:47 of 1st period - Slapshot by John Moore.
0:47 of 1st period - Stopped by Jonathan Bernier with a rebound.
0:49 of 1st period - Slapshot by Dmitri Kalinin.
0:49 of 1st period - Shot Hit the Post.
2:13 of 1st period - Slapshot by Jason Spezza.
2:13 of 1st period - Goal by Jason Spezza - Canadiens : 1 - Predators : 0.
2:14 of 1st period - Sidney Crosby wins face-off versus Ryan Kesler in neutral zone.
2:27 of 1st period - Wrist shot by Ryan Kesler.
2:27 of 1st period - Shot Misses the Net.
2:29 of 1st period - Wrist shot by Alexander Ovechkin.
2:29 of 1st period - Shot Misses the Net.
2:39 of 1st period - Kurt Sauer is hit by Andy Miele and loses puck.
2:46 of 1st period - Wrist shot by Justin Abdelkader.
2:46 of 1st period - Stopped by Jonathan Bernier with a rebound.
2:48 of 1st period - Snap shot by John Moore.
2:48 of 1st period - Shot Blocked by Vitaly Vishnevsky.
2:50 of 1st period - Wrist shot by Justin Abdelkader.
2:50 of 1st period - Stopped by Jonathan Bernier without a rebound.
2:51 of 1st period - Jason Spezza wins face-off versus Ryan Kesler in Canadiens zone.
3:00 of 1st period - Snap shot by Alexander Ovechkin.
3:00 of 1st period - Shot Misses the Net.
3:02 of 1st period - Wrist shot by Alexander Ovechkin.
3:02 of 1st period - Shot Misses the Net.
3:04 of 1st period - Wrist shot by Ryan Kesler.
3:04 of 1st period - Shot Misses the Net.
3:06 of 1st period - Snap shot by Ryan Kesler.
3:06 of 1st period - Shot Misses the Net.
3:18 of 1st period - Dmitri Kalinin is hit by David Jones and loses puck.
3:25 of 1st period - Slapshot by Dustin Boyd.
3:25 of 1st period - Deflect By Brett Maclean.
3:25 of 1st period - Stopped by Chad Johnson without a rebound.
3:26 of 1st period - Ryan Kesler wins face-off versus Greg Stewart in Predators zone.
4:19 of 1st period - Slapshot by Niclas Bergfors.
4:19 of 1st period - Shot Misses the Net.
4:47 of 1st period - Snap shot by Nick Spaling.
4:47 of 1st period - Shot Blocked by Ryan Mcdonagh.
4:58 of 1st period - Icing by Alexander Edler.
4:59 of 1st period - Evgeny Dadonov wins face-off versus Kris Vernarsky in Predators zone.
5:02 of 1st period - Snap shot by Sidney Crosby.
5:02 of 1st period - Shot Misses the Net.
5:04 of 1st period - Slapshot by Luke Schenn.
5:04 of 1st period - Deflect By Ryan Mcdonagh.
5:04 of 1st period - Stopped by Chad Johnson without a rebound.
5:05 of 1st period - Brendan Gallagher wins face-off versus Sidney Crosby in Predators zone.
5:42 of 1st period - Wrist shot by Byron Bitz.
5:42 of 1st period - Shot Misses the Net.
6:12 of 1st period - Nick Spaling is hit by Adam Burish and loses puck.
6:59 of 1st period - Slapshot by Jason Spezza.
6:59 of 1st period - Shot Misses the Net.
7:01 of 1st period - Slapshot by Dennis Wideman.
7:01 of 1st period - Shot Misses the Net.
7:03 of 1st period - Slapshot by Luke Schenn.
7:03 of 1st period - Stopped by Chad Johnson with a rebound.
7:23 of 1st period - Snap shot by Niclas Bergfors.
7:23 of 1st period - Shot Misses the Net.
7:39 of 1st period - Wrist shot by Alexander Ovechkin.
7:39 of 1st period - Stopped by Jonathan Bernier with a rebound.
7:45 of 1st period - Snap shot by Dustin Boyd.
7:45 of 1st period - Shot Hit the Post.
7:47 of 1st period - Slapshot by Maxim Kondratiev.
7:47 of 1st period - Stopped by Chad Johnson without a rebound.
7:48 of 1st period - Mikael Granlund wins face-off versus Sidney Crosby in Predators zone.
8:01 of 1st period - Snap shot by Sidney Crosby.
8:01 of 1st period - Goal by Sidney Crosby - Canadiens : 2 - Predators : 0.
8:02 of 1st period - Ryan Kesler wins face-off versus Sidney Crosby in neutral zone.
8:18 of 1st period - Minor Penalty to Patrick Sharp for Hooking.
8:19 of 1st period - Ryan Kesler wins face-off versus Jason Spezza in Canadiens zone.
8:25 of 1st period - Snap shot by Alexander Ovechkin.
8:25 of 1st period - Shot Hit the Post.
8:50 of 1st period - Maxim Kondratiev is hit by Niclas Bergfors and loses puck.
10:08 of 1st period - Ryan Mcdonagh is hit by Kurt Sauer and loses puck.
10:18 of 1st period - Penalty to Patrick Sharp is over, Patrick Sharp is back on ice.
10:25 of 1st period - Snap shot by Sidney Crosby.
10:25 of 1st period - Stopped by Chad Johnson with a rebound.
10:27 of 1st period - Snap shot by Vitaly Vishnevsky.
10:27 of 1st period - Deflect By Joe Pavelski.
10:27 of 1st period - Stopped by Chad Johnson with a rebound.
10:29 of 1st period - Wrist shot by Patrick Sharp.
10:29 of 1st period - Stopped by Chad Johnson with a rebound.
10:46 of 1st period - Icing by Luke Schenn.
10:47 of 1st period - Brett Maclean wins face-off versus Kris Vernarsky in Canadiens zone.
10:47 of 1st period - Brett Maclean is hit by James Van Riemsdyk.
11:15 of 1st period - Sidney Crosby is hit by Mikael Granlund and loses puck.
11:28 of 1st period - Kurt Sauer is hit by Ryan Mcdonagh and loses puck.
11:50 of 1st period - Wrist shot by Andrew Ebbett.
11:50 of 1st period - Stopped by Chad Johnson with a rebound.
12:47 of 1st period - Wrist shot by Jason Spezza.
12:47 of 1st period - Shot Misses the Net.
12:49 of 1st period - Slapshot by Jason Spezza.
12:49 of 1st period - Stopped by Chad Johnson with a rebound.
12:51 of 1st period - Snap shot by Jason Spezza.
12:51 of 1st period - Deflect By Greg Stewart.
12:51 of 1st period - Shot Misses the Net.
12:51 of 1st period - Puck is out of play.
12:52 of 1st period - Sidney Crosby wins face-off versus Ryan Kesler in Predators zone.
13:03 of 1st period - Slapshot by Alexander Edler.
13:03 of 1st period - Shot Blocked by Maxim Kondratiev.
13:05 of 1st period - Snap shot by Brendan Gallagher.
13:05 of 1st period - Stopped by Jonathan Bernier with a rebound.
13:17 of 1st period - Joe Pavelski is hit by Niclas Bergfors and loses puck.
13:42 of 1st period - Sidney Crosby is hit by Mikael Granlund and loses puck.
13:49 of 1st period - Slapshot by Alexander Steen.
13:49 of 1st period - Stopped by Jonathan Bernier with a rebound.
14:07 of 1st period - Snap shot by Ryan Kesler.
14:07 of 1st period - Stopped by Jonathan Bernier without a rebound.
14:08 of 1st period - Mikael Granlund wins face-off versus Jason Spezza in Canadiens zone.
15:06 of 1st period - Wrist shot by Andrew Ebbett.
15:06 of 1st period - Stopped by Chad Johnson without a rebound.
15:07 of 1st period - Ryan Kesler wins face-off versus Jason Spezza in Predators zone.
15:14 of 1st period - Slapshot by Alexander Edler.
15:14 of 1st period - Stopped by Jonathan Bernier with a rebound.
15:16 of 1st period - Wrist shot by Ryan Kesler.
15:16 of 1st period - Deflect By Alexander Ovechkin.
15:16 of 1st period - Shot Misses the Net.
15:16 of 1st period - Puck is out of play.
15:17 of 1st period - Ryan Kesler wins face-off versus Jason Spezza in Canadiens zone.
15:42 of 1st period - Wrist shot by Brendan Gallagher.
15:42 of 1st period - Stopped by Jonathan Bernier without a rebound.
15:43 of 1st period - Sidney Crosby wins face-off versus Mikael Granlund in Canadiens zone.
15:56 of 1st period - Wrist shot by Joe Pavelski.
15:56 of 1st period - Stopped by Chad Johnson with a rebound.
16:27 of 1st period - Snap shot by Alexander Steen.
16:27 of 1st period - Stopped by Jonathan Bernier without a rebound.
16:28 of 1st period - Sidney Crosby wins face-off versus Brendan Gallagher in Canadiens zone.
16:37 of 1st period - Snap shot by Sidney Crosby.
16:37 of 1st period - Shot Blocked by Alexander Edler.
16:39 of 1st period - Snap shot by Joe Pavelski.
16:39 of 1st period - Shot Blocked by Alexander Ovechkin.
16:41 of 1st period - Slapshot by Joe Pavelski.
16:41 of 1st period - Stopped by Chad Johnson with a rebound.
16:55 of 1st period - Andy Miele is hit by Greg Stewart and loses puck.
17:40 of 1st period - Wrist shot by Jiri Tlusty.
17:40 of 1st period - Shot Blocked by Brendan Gallagher.
18:22 of 1st period - Snap shot by Greg Stewart.
18:22 of 1st period - Goal by Greg Stewart - Canadiens : 3 - Predators : 0.
18:23 of 1st period - Sidney Crosby wins face-off versus Alexander Ovechkin in neutral zone.
18:31 of 1st period - Slapshot by Alexander Edler.
18:31 of 1st period - Shot Blocked by Luke Schenn.
18:33 of 1st period - Slapshot by Alexander Edler.
18:33 of 1st period - Stopped by Jonathan Bernier with a rebound.
18:35 of 1st period - Wrist shot by Alexander Ovechkin.
18:35 of 1st period - Shot Hit the Post.
18:37 of 1st period - Slapshot by Alexander Edler.
18:37 of 1st period - Shot Blocked by Joe Pavelski.
18:39 of 1st period - Wrist shot by Alexander Ovechkin.
18:39 of 1st period - Stopped by Jonathan Bernier with a rebound.
18:49 of 1st period - Vitaly Vishnevsky is hit by Niclas Bergfors and loses puck.
18:56 of 1st period - Snap shot by Andy Miele.
18:56 of 1st period - Stopped by Jonathan Bernier without a rebound.
18:57 of 1st period - Jason Spezza wins face-off versus Ryan Kesler in Canadiens zone.
19:06 of 1st period - Slapshot by Greg Stewart.
19:06 of 1st period - Shot Blocked by Dmitri Kalinin.
19:08 of 1st period - Wrist shot by Jason Spezza.
19:08 of 1st period - Stopped by Chad Johnson with a rebound.
19:28 of 1st period - Slapshot by Byron Bitz.
19:28 of 1st period - Stopped by Jonathan Bernier with a rebound.
19:55 of 1st period - Minor Penalty to Andy Miele for Tripping.
19:56 of 1st period - Patrick Sharp wins face-off versus Alexander Ovechkin in Predators zone.
Goals for this period are 3 for Canadiens vs 0 for Predators.
Shots for this period are 16 for Canadiens vs 14 for Predators.

2nd period


0:01 of 2nd period - Sidney Crosby wins face-off versus Alexander Ovechkin in neutral zone.
0:03 of 2nd period - Off-side.
0:04 of 2nd period - Sidney Crosby wins face-off versus Alexander Ovechkin in neutral zone.
0:32 of 2nd period - Off-side.
0:33 of 2nd period - Mikael Granlund wins face-off versus Jason Spezza in neutral zone.
1:09 of 2nd period - Snap shot by Joe Pavelski.
1:09 of 2nd period - Goal by Joe Pavelski - Canadiens : 4 - Predators : 0.
1:09 of 2nd period - Mike McKenna enters game.
1:10 of 2nd period - Sidney Crosby wins face-off versus Ryan Kesler in neutral zone.
1:17 of 2nd period - Wrist shot by Joe Pavelski.
1:17 of 2nd period - Shot Misses the Net.
1:19 of 2nd period - Slapshot by Luke Schenn.
1:19 of 2nd period - Stopped by Mike McKenna with a rebound.
1:21 of 2nd period - Snap shot by Patrick Sharp.
1:21 of 2nd period - Shot Misses the Net.
1:23 of 2nd period - Slapshot by Dennis Wideman.
1:23 of 2nd period - Deflect By Patrick Sharp.
1:23 of 2nd period - Shot Misses the Net.
1:23 of 2nd period - Puck is out of play.
1:24 of 2nd period - Jason Spezza wins face-off versus Ryan Kesler in Predators zone.
1:27 of 2nd period - Snap shot by Jason Spezza.
1:27 of 2nd period - Stopped by Mike McKenna with a rebound.
2:40 of 2nd period - Snap shot by David Jones.
2:40 of 2nd period - Shot Blocked by Brendan Gallagher.
2:58 of 2nd period - Jason Spezza is hit by Adam Burish and loses puck.
3:17 of 2nd period - Slapshot by John Moore.
3:17 of 2nd period - Shot Blocked by Dennis Wideman.
3:19 of 2nd period - Wrist shot by Byron Bitz.
3:19 of 2nd period - Shot Misses the Net.
3:43 of 2nd period - Snap shot by Dustin Boyd.
3:43 of 2nd period - Deflect By Brett Maclean.
3:43 of 2nd period - Shot Blocked by Brett Clark.
3:43 of 2nd period - Puck is out of play.
3:44 of 2nd period - Ryan Kesler wins face-off versus Dustin Boyd in Predators zone.
4:32 of 2nd period - Andy Miele is hit by Vitaly Vishnevsky.
4:36 of 2nd period - Slapshot by Patrick Sharp.
4:36 of 2nd period - Shot Blocked by Justin Abdelkader.
4:51 of 2nd period - Nick Spaling is hit by Alexander Edler and loses puck.
5:14 of 2nd period - Brett Maclean is hit by John Moore and loses puck.
5:24 of 2nd period - Off-side.
5:25 of 2nd period - Sidney Crosby wins face-off versus Byron Bitz in neutral zone.
5:34 of 2nd period - Snap shot by Mikael Granlund.
5:34 of 2nd period - Shot Misses the Net.
5:36 of 2nd period - Wrist shot by Alexander Steen.
5:36 of 2nd period - Stopped by Jonathan Bernier without a rebound.
5:37 of 2nd period - Ryan Kesler wins face-off versus Sidney Crosby in Canadiens zone.
5:38 of 2nd period - Snap shot by Alexander Ovechkin.
5:38 of 2nd period - Shot Misses the Net.
5:40 of 2nd period - Slapshot by Brendan Gallagher.
5:40 of 2nd period - Goal by Brendan Gallagher - Canadiens : 4 - Predators : 1.
5:41 of 2nd period - Sidney Crosby wins face-off versus Ryan Kesler in neutral zone.
5:44 of 2nd period - Wrist shot by Patrick Sharp.
5:44 of 2nd period - Stopped by Mike McKenna with a rebound.
6:06 of 2nd period - Vitaly Vishnevsky is hit by Mikael Granlund and loses puck.
6:25 of 2nd period - Slapshot by Dustin Boyd.
6:25 of 2nd period - Shot Misses the Net.
6:33 of 2nd period - Kurt Sauer is hit by Andy Miele and loses puck.
6:52 of 2nd period - Wrist shot by Andrew Ebbett.
6:52 of 2nd period - Stopped by Mike McKenna with a rebound.
6:54 of 2nd period - Slapshot by Vitaly Vishnevsky.
6:54 of 2nd period - Stopped by Mike McKenna with a rebound.
6:56 of 2nd period - Slapshot by Jiri Tlusty.
6:56 of 2nd period - Shot Blocked by Alexander Edler.
6:58 of 2nd period - Wrist shot by Jiri Tlusty.
6:58 of 2nd period - Stopped by Mike McKenna without a rebound.
6:59 of 2nd period - Sidney Crosby wins face-off versus Mikael Granlund in Predators zone.
7:28 of 2nd period - Snap shot by Brett Maclean.
7:28 of 2nd period - Stopped by Mike McKenna with a rebound.
7:54 of 2nd period - Wrist shot by Alexander Steen.
7:54 of 2nd period - Shot Blocked by Wes O'Neill.
7:56 of 2nd period - Slapshot by John Moore.
7:56 of 2nd period - Deflect By Greg Stewart.
7:56 of 2nd period - Stopped by Jonathan Bernier with a rebound.
7:58 of 2nd period - Slapshot by Mikael Granlund.
7:58 of 2nd period - Goal by Mikael Granlund - Canadiens : 4 - Predators : 2.
7:59 of 2nd period - Ryan Kesler wins face-off versus Sidney Crosby in neutral zone.
8:06 of 2nd period - Snap shot by Alexander Ovechkin.
8:06 of 2nd period - Stopped by Jonathan Bernier with a rebound.
8:08 of 2nd period - Wrist shot by Ryan Kesler.
8:08 of 2nd period - Shot Blocked by Luke Schenn.
8:10 of 2nd period - Snap shot by Ryan Kesler.
8:10 of 2nd period - Stopped by Jonathan Bernier without a rebound.
8:11 of 2nd period - Ryan Kesler wins face-off versus Sidney Crosby in Canadiens zone.
8:18 of 2nd period - Snap shot by Ryan Kesler.
8:18 of 2nd period - Deflect By Alexander Ovechkin.
8:18 of 2nd period - Shot Blocked by Dennis Wideman.
8:18 of 2nd period - Puck is out of play.
8:19 of 2nd period - Sidney Crosby wins face-off versus Ryan Kesler in Canadiens zone.
8:50 of 2nd period - Snap shot by Greg Stewart.
8:50 of 2nd period - Stopped by Mike McKenna with a rebound.
9:24 of 2nd period - Minor Penalty to David Jones for Holding.
9:25 of 2nd period - Ryan Kesler wins face-off versus Jason Spezza in Canadiens zone.
10:43 of 2nd period - Snap shot by Sidney Crosby.
10:43 of 2nd period - Shot Blocked by Alexander Edler.
10:45 of 2nd period - Snap shot by Sidney Crosby.
10:45 of 2nd period - Shot Misses the Net.
10:47 of 2nd period - Snap shot by Andrew Ebbett.
10:47 of 2nd period - Goal by Andrew Ebbett - Canadiens : 5 - Predators : 2.
10:48 of 2nd period - Jason Spezza wins face-off versus Ryan Kesler in neutral zone.
11:11 of 2nd period - Kurt Sauer is hit by Alexander Ovechkin and loses puck.
11:24 of 2nd period - Penalty to David Jones is over, David Jones is back on ice.
11:40 of 2nd period - Snap shot by Alexander Steen.
11:40 of 2nd period - Shot Misses the Net.
11:42 of 2nd period - Snap shot by Mikael Granlund.
11:42 of 2nd period - Shot Misses the Net.
12:26 of 2nd period - Snap shot by Justin Abdelkader.
12:26 of 2nd period - Shot Misses the Net.
12:36 of 2nd period - Snap shot by Justin Abdelkader.
12:36 of 2nd period - Deflect By Evgeny Dadonov.
12:36 of 2nd period - Stopped by Jonathan Bernier with a rebound.
12:46 of 2nd period - Slapshot by Justin Abdelkader.
12:46 of 2nd period - Goal by Justin Abdelkader - Canadiens : 5 - Predators : 3.
12:47 of 2nd period - Sidney Crosby wins face-off versus Ryan Kesler in neutral zone.
13:40 of 2nd period - Nick Spaling is hit by Adam Burish and loses puck.
14:19 of 2nd period - Ryan Mcdonagh is hit by Kurt Sauer and loses puck.
14:30 of 2nd period - Snap shot by Dustin Boyd.
14:30 of 2nd period - Shot Misses the Net.
14:32 of 2nd period - Snap shot by Vitaly Vishnevsky.
14:32 of 2nd period - Shot Misses the Net.
14:34 of 2nd period - Wrist shot by Brett Maclean.
14:34 of 2nd period - Stopped by Mike McKenna without a rebound.
14:35 of 2nd period - Sidney Crosby wins face-off versus Ryan Kesler in Predators zone.
16:48 of 2nd period - Snap shot by Patrick Sharp.
16:48 of 2nd period - Shot Misses the Net.
16:51 of 2nd period - Icing by Justin Abdelkader.
16:52 of 2nd period - Evgeny Dadonov wins face-off versus Niclas Bergfors in Predators zone.
17:07 of 2nd period - Wrist shot by Justin Abdelkader.
17:07 of 2nd period - Shot Blocked by Kurt Sauer.
17:09 of 2nd period - Slapshot by Ryan Mcdonagh.
17:09 of 2nd period - Deflect By Niclas Bergfors.
17:09 of 2nd period - Stopped by Jonathan Bernier without a rebound.
17:10 of 2nd period - Ryan Kesler wins face-off versus Sidney Crosby in Canadiens zone.
17:21 of 2nd period - Slapshot by Alexander Ovechkin.
17:21 of 2nd period - Shot Blocked by Joe Pavelski.
17:23 of 2nd period - Snap shot by Brendan Gallagher.
17:23 of 2nd period - Shot Blocked by Luke Schenn.
17:25 of 2nd period - Slapshot by Brendan Gallagher.
17:25 of 2nd period - Stopped by Jonathan Bernier with a rebound.
18:18 of 2nd period - Vitaly Vishnevsky is hit by Justin Abdelkader and loses puck.
18:42 of 2nd period - Off-side.
18:43 of 2nd period - Andrew Ebbett wins face-off versus Ryan Kesler in neutral zone.
18:54 of 2nd period - Wrist shot by Alexander Ovechkin.
18:54 of 2nd period - Shot Blocked by Dennis Wideman.
18:56 of 2nd period - Wrist shot by Alexander Ovechkin.
18:56 of 2nd period - Stopped by Jonathan Bernier without a rebound.
18:57 of 2nd period - Sidney Crosby wins face-off versus Alexander Ovechkin in Canadiens zone.
19:12 of 2nd period - Snap shot by Brendan Gallagher.
19:12 of 2nd period - Deflect By Sidney Crosby.
19:12 of 2nd period - Stopped by Jonathan Bernier with a rebound.
19:59 of 2nd period - Niclas Bergfors is hit by Brett Maclean and loses puck.
Goals for this period are 2 for Canadiens vs 3 for Predators.
Shots for this period are 11 for Canadiens vs 12 for Predators.

3rd period


0:01 of 3rd period - Ryan Kesler wins face-off versus Sidney Crosby in neutral zone.
0:38 of 3rd period - Wrist shot by Alexander Steen.
0:38 of 3rd period - Stopped by Jonathan Bernier without a rebound.
0:39 of 3rd period - Sidney Crosby wins face-off versus Andy Miele in Canadiens zone.
1:29 of 3rd period - Slapshot by Vitaly Vishnevsky.
1:29 of 3rd period - Deflect By Nick Spaling.
1:29 of 3rd period - Stopped by Mike McKenna without a rebound.
1:30 of 3rd period - Mikael Granlund wins face-off versus Andrew Ebbett in Predators zone.
1:51 of 3rd period - Alexander Edler is hit by Luke Schenn and loses puck.
2:06 of 3rd period - Snap shot by Byron Bitz.
2:06 of 3rd period - Shot Blocked by Jiri Tlusty.
2:08 of 3rd period - Snap shot by Mikael Granlund.
2:08 of 3rd period - Shot Blocked by Dennis Wideman.
2:10 of 3rd period - Slapshot by Alexander Steen.
2:10 of 3rd period - Shot Blocked by Dennis Wideman.
2:14 of 3rd period - Snap shot by Mikael Granlund.
2:14 of 3rd period - Stopped by Jonathan Bernier with a rebound.
2:34 of 3rd period - Wrist shot by Alexander Steen.
2:34 of 3rd period - Shot Blocked by Dennis Wideman.
2:36 of 3rd period - Snap shot by Mikael Granlund.
2:36 of 3rd period - Deflect By Alexander Steen.
2:36 of 3rd period - Stopped by Jonathan Bernier without a rebound.
2:37 of 3rd period - Ryan Kesler wins face-off versus Sidney Crosby in Canadiens zone.
2:42 of 3rd period - Snap shot by Alexander Ovechkin.
2:42 of 3rd period - Deflect By Ryan Kesler.
2:42 of 3rd period - Shot Blocked by Kurt Sauer.
2:42 of 3rd period - Puck is out of play.
2:43 of 3rd period - Sidney Crosby wins face-off versus Ryan Kesler in Canadiens zone.
2:45 of 3rd period - Minor Penalty to Joe Pavelski for Holding.
2:46 of 3rd period - Jason Spezza wins face-off versus Ryan Kesler in Canadiens zone.
4:14 of 3rd period - Kurt Sauer is hit by Alexander Edler.
4:45 of 3rd period - Penalty to Joe Pavelski is over, Joe Pavelski is back on ice.
4:59 of 3rd period - Off-side.
5:00 of 3rd period - Kris Vernarsky wins face-off versus Dustin Boyd in neutral zone.
5:16 of 3rd period - Minor Penalty to Barret Jackman for Goalie Interference.
5:17 of 3rd period - Andy Miele wins face-off versus Sidney Crosby in Predators zone.
5:31 of 3rd period - Snap shot by Joe Pavelski.
5:31 of 3rd period - Stopped by Mike McKenna with a rebound.
5:55 of 3rd period - Snap shot by Ryan Mcdonagh.
5:55 of 3rd period - Deflect By Adam Burish.
5:55 of 3rd period - Shot Blocked by Vitaly Vishnevsky.
5:55 of 3rd period - Puck is out of play.
5:56 of 3rd period - Joe Pavelski wins face-off versus Ryan Kesler in Canadiens zone.
6:09 of 3rd period - Icing by Sidney Crosby.
6:10 of 3rd period - Andy Miele wins face-off versus Sidney Crosby in Canadiens zone.
6:11 of 3rd period - Slapshot by Alexander Edler.
6:11 of 3rd period - Shot Blocked by Luke Schenn.
6:19 of 3rd period - Snap shot by Sidney Crosby.
6:19 of 3rd period - Shot Misses the Net.
6:21 of 3rd period - Slapshot by Luke Schenn.
6:21 of 3rd period - Stopped by Mike McKenna without a rebound.
6:22 of 3rd period - Andy Miele wins face-off versus Joe Pavelski in Predators zone.
6:33 of 3rd period - Wrist shot by Byron Bitz.
6:33 of 3rd period - Deflect By Andy Miele.
6:33 of 3rd period - Stopped by Jonathan Bernier with a rebound.
7:16 of 3rd period - Penalty to Barret Jackman is over, Barret Jackman is back on ice.
7:49 of 3rd period - Snap shot by Jiri Tlusty.
7:49 of 3rd period - Shot Misses the Net.
7:51 of 3rd period - Slapshot by Andrew Ebbett.
7:51 of 3rd period - Goal by Andrew Ebbett - Canadiens : 6 - Predators : 3.
7:52 of 3rd period - Sidney Crosby wins face-off versus Ryan Kesler in neutral zone.
8:26 of 3rd period - Snap shot by Jason Spezza.
8:26 of 3rd period - Stopped by Mike McKenna without a rebound.
8:27 of 3rd period - Jason Spezza wins face-off versus Mikael Granlund in Predators zone.
9:05 of 3rd period - Brendan Gallagher is hit by Patrick Sharp.
9:59 of 3rd period - Icing by Dmitri Kalinin.
10:00 of 3rd period - Mikael Granlund wins face-off versus Andrew Ebbett in Predators zone.
10:06 of 3rd period - Icing by John Moore.
10:07 of 3rd period - Mikael Granlund wins face-off versus Sidney Crosby in Predators zone.
10:25 of 3rd period - Snap shot by Alexander Steen.
10:25 of 3rd period - Stopped by Jonathan Bernier without a rebound.
10:26 of 3rd period - Jason Spezza wins face-off versus Ryan Kesler in Canadiens zone.
10:26 of 3rd period - Jason Spezza is hit by Brendan Gallagher.
10:32 of 3rd period - Wrist shot by Alexander Ovechkin.
10:32 of 3rd period - Deflect By Brendan Gallagher.
10:32 of 3rd period - Shot Misses the Net.
10:32 of 3rd period - Puck is out of play.
10:33 of 3rd period - Ryan Kesler wins face-off versus Jason Spezza in Canadiens zone.
11:14 of 3rd period - Slapshot by Alexander Ovechkin.
11:14 of 3rd period - Stopped by Jonathan Bernier with a rebound.
12:26 of 3rd period - Snap shot by Ryan Kesler.
12:26 of 3rd period - Shot Misses the Net.
12:30 of 3rd period - Wrist shot by Alexander Ovechkin.
12:30 of 3rd period - Stopped by Jonathan Bernier without a rebound.
12:31 of 3rd period - Mikael Granlund wins face-off versus Sidney Crosby in Canadiens zone.
12:34 of 3rd period - Snap shot by Byron Bitz.
12:34 of 3rd period - Shot Misses the Net.
12:36 of 3rd period - Slapshot by Mikael Granlund.
12:36 of 3rd period - Shot Blocked by Sidney Crosby.
12:38 of 3rd period - Slapshot by Brett Clark.
12:38 of 3rd period - Shot Hit the Post.
12:40 of 3rd period - Slapshot by Brett Clark.
12:40 of 3rd period - Shot Blocked by Kurt Sauer.
12:42 of 3rd period - Slapshot by Brett Clark.
12:42 of 3rd period - Shot Blocked by Joe Pavelski.
12:44 of 3rd period - Slapshot by Barret Jackman.
12:44 of 3rd period - Stopped by Jonathan Bernier with a rebound.
12:46 of 3rd period - Wrist shot by Mikael Granlund.
12:46 of 3rd period - Stopped by Jonathan Bernier without a rebound.
12:47 of 3rd period - Dustin Boyd wins face-off versus Andy Miele in Canadiens zone.
12:49 of 3rd period - Double Minor Penalty to Wes O'Neill for High sticking.
12:50 of 3rd period - David Jones wins face-off versus Mikael Granlund in Canadiens zone.
15:46 of 3rd period - Sidney Crosby is hit by Barret Jackman and loses puck.
16:49 of 3rd period - Penalty to Wes O'Neill is over, Wes O'Neill is back on ice.
16:55 of 3rd period - Wrist shot by David Jones.
16:55 of 3rd period - Stopped by Mike McKenna with a rebound.
17:25 of 3rd period - Minor Penalty to Jason Spezza for Holding.
17:26 of 3rd period - Sidney Crosby wins face-off versus Ryan Kesler in Canadiens zone.
17:29 of 3rd period - Snap shot by Ryan Kesler.
17:29 of 3rd period - Stopped by Jonathan Bernier without a rebound.
17:30 of 3rd period - Ryan Kesler wins face-off versus Sidney Crosby in Canadiens zone.
17:43 of 3rd period - Snap shot by Alexander Ovechkin.
17:43 of 3rd period - Goal by Alexander Ovechkin - Canadiens : 6 - Predators : 4.
17:44 of 3rd period - Dustin Boyd wins face-off versus Justin Abdelkader in neutral zone.
17:47 of 3rd period - Andy Miele is hit by Dustin Boyd and loses puck.
17:57 of 3rd period - Minor Penalty to Justin Abdelkader for Roughing.
17:58 of 3rd period - Byron Bitz wins face-off versus Sidney Crosby in Predators zone.
18:00 of 3rd period - Snap shot by Patrick Sharp.
18:00 of 3rd period - Shot Misses the Net.
18:02 of 3rd period - Snap shot by Joe Pavelski.
18:02 of 3rd period - Stopped by Mike McKenna with a rebound.
18:14 of 3rd period - Wrist shot by Sidney Crosby.
18:14 of 3rd period - Shot Misses the Net.
18:24 of 3rd period - Andy Miele is hit by Evgeny Dadonov and loses puck.
19:57 of 3rd period - Penalty to Justin Abdelkader is over, Justin Abdelkader is back on ice.
Goals for this period are 1 for Canadiens vs 1 for Predators.
Shots for this period are 7 for Canadiens vs 11 for Predators.